 Dungeon Crawl Stone Soup version 0.15-b1-123-g0918319 (console) character file.

570 mathias the Shield-Bearer (level 7, -11/55 HPs)
             Began as a Formicid Fighter on Aug 26, 2014.
             Was a Believer of Qazlal.
             Mangled by Pikel
             ... wielding a +2 whip of electrocution
              (18 damage)
             ... on Level 5 of the Dungeon.
             The game lasted 00:28:23 (4176 turns).

mathias the Shield-Bearer (Formicid Fighter)        Turns: 4176, Time: 00:28:23

HP -11/55        AC 11     Str 26      XL: 7   Next: 60%
MP  11/11        EV  9     Int  7      God: Qazlal [**....]
Gold 36          SH 13     Dex 10      Spells:  0 memorised,  6 levels left

rFire  . . .     SeeInvis +     a - +1 war axe
rCold  + . .     Clarity  .     I - +3 ring mail
rNeg   . . .     rCorr    .     t - +0 shield
rPois  .         rRot     .     (helmet unavailable)
rElec  .         Spirit   .     (no cloak)
SustAb .         Warding  .     v - +0 pair of gloves
rMut   .         Stasis   +     i - +0 pair of boots
Gourm  .                        (no amulet)
MR     .....                    y - +3 ring of strength
                                q - ring of protection from cold

@: not resistant to hostile enchantments, extremely unstealthy
A: permanent stasis, dig shafts and tunnels, four strong arms, antennae 3
a: Dig, Shaft Self, Upheaval, Renounce Religion


You were on level 5 of the Dungeon.
You worshipped Qazlal.
Qazlal was pleased with you.
You were hungry.

You visited 1 branch of the dungeon, and saw 5 of its levels.

You collected 228 gold pieces.
You spent 192 gold pieces at shops.

Inventory:

Hand weapons
 a - a +1 war axe (weapon)
 h - a +0 hunting sling
Missiles
 g - 15 sling bullets of frost (quivered)
 G - 4 stones
Armour
 i - a +0 pair of boots (worn)
 t - a +0 shield (worn)
 v - a +0 pair of gloves (worn)
 I - a +3 ring mail (worn)
Magical devices
 w - a wand of confusion (6) {unknown}
Comestibles
 b - 2 rotting chunks of worker ant flesh
 d - 4 bread rations
 k - 14 fruits
 l - 2 beef jerkies
 x - 3 meat rations
 C - a royal jelly
 D - a chunk of giant cockroach flesh
 F - a slice of pizza
 H - a rotting chunk of orc flesh
 K - 4 chunks of orc flesh
Scrolls
 f - 2 scrolls of fear
 j - 3 scrolls of remove curse
 n - a scroll of noise {unknown}
 o - 8 scrolls of identify
 B - a scroll of enchant armour
 E - 2 scrolls of enchant weapon
 J - a scroll of amnesia
Jewellery
 c - an uncursed ring of invisibility {unknown}
 q - a ring of protection from cold (left hand)
 s - a +2 ring of strength
 y - a +3 ring of strength (right hand)
Potions
 e - a potion of might
 m - 2 potions of restore abilities
 p - 3 potions of cancellation {unknown}
 r - a potion of degeneration {unknown}
 u - a potion of lignification {unknown}
 z - 3 potions of curing
 A - 2 potions of agility {unknown}


   Skills:
 * Level 4.8 Fighting
 * Level 4.5 Axes
 + Level 2.0 Slings
 + Level 4.9 Armour
 + Level 5.1 Shields
 * Level 2.3 Invocations


You had 6 spell levels left.
You didn't know any spells.

Dungeon Overview and Level Annotations

Branches:
Dungeon (5/15)
 Temple: D:4-7

Altars:
Cheibriados
Fedhas
Qazlal

Shops:
D:4 ?

Annotations:
D:5 Pikel


Innate Abilities, Weirdness & Mutations

Your are under a permanent stasis effect.
You can dig through walls and to a lower floor.
Your four strong arms can wield two-handed weapons with a shield.
You have a pair of large antennae on your head (SInv).


Message History

Pikel hits you with a whip of electrocution.
* * * LOW HITPOINT WARNING * * *
You are electrocuted!
* * * LOW HITPOINT WARNING * * *
The slave is struck by lightning.
You kill the slave!
That felt strangely unrewarding.
You hit Pikel but do no damage.
Pikel is heavily wounded.
Pikel completely misses you. You block Pikel's attack.
You climb downwards.
There is a stone staircase leading up here.
Drink which item? (? for menu, Esc to quit)
You feel better.
It was a potion of curing.
Pikel hits you but does no damage.
You closely miss Pikel.
Pikel is heavily wounded.
You are feeling hungry.
Pikel hits you but does no damage.
You are electrocuted!
You die...

#.# #.##### #.# #......
##+####.#####..####
#....##........# #).............#
###############....##############
.......)..).....[.['.............
#########.#####...[##.###########
))(.......#.........#.#
########..#.######..#.# #..#
#..K@[..#.# #..# #.####..#.# ##.#
#.......#.# ### #.. #####...#.#
... #... ......#.# ### #...
#####..#.# # . ...#.# # ##.##.# #
#.. # #.. .


You could see Pikel.

Vanquished Creatures
  2 ogres (D:3)
  4 slaves
  A big kobold (D:5)
  An orc priest (D:5)
  2 worker ants
  2 iguanas
  8 adders
  5 worms
  4 giant geckos
  3 oozes
  6 orcs
  12 bats
  3 giant cockroaches
  9 goblins
  11 hobgoblins
  9 jackals
  A quokka (D:2)
  4 giant newts
  A giant newt skeleton (D:4)
  A goblin skeleton (D:4)
  14 kobolds
  A kobold skeleton (D:4)
  17 rats
121 creatures vanquished.

Notes
Turn   | Place    | Note
--------------------------------------------------------------
     0 | D:1      | mathias, the Formicid Fighter, began the quest for the Orb.
     0 | D:1      | Reached XP level 1. HP: 18/18 MP: 1/1
   241 | D:1      | Reached XP level 2. HP: 21/24 MP: 3/3
   780 | D:1      | Reached XP level 3. HP: 29/29 MP: 4/4
   784 | D:1      | Reached skill level 4 in Armour
  1290 | D:2      | Reached skill level 1 in Slings
  1528 | D:2      | Found a stormy altar of Qazlal.
  1548 | D:2      | Reached XP level 4. HP: 35/35 MP: 5/5
  1552 | D:2      | Became a worshipper of Qazlal Stormbringer
  1878 | D:2      | Found a snail-covered altar of Cheibriados.
  1980 | D:2      | Found a blossoming altar of Fedhas.
  2255 | D:3      | Reached XP level 5. HP: 19/42 MP: 7/7
  2493 | D:3      | Noticed an ogre
  2512 | D:3      | Killed an ogre
  2512 | D:3      | Reached skill level 1 in Invocations
  2512 | D:3      | Reached XP level 6. HP: 34/48 MP: 9/9
  2845 | D:3      | Acquired Qazlal's first power
  3382 | D:4      | Reached XP level 7. HP: 55/55 MP: 11/11
  3548 | D:4      | Found Kimiav Ufad's Magic Scroll Shop.
  3556 | D:4      | Bought a scroll of enchant armour for 82 gold pieces
  3556 | D:4      | Bought a scroll of identify for 22 gold pieces
  3556 | D:4      | Bought a scroll of remove curse for 33 gold pieces
  3556 | D:4      | Bought a scroll of identify for 22 gold pieces
  3556 | D:4      | Bought a scroll of remove curse for 33 gold pieces
  3596 | D:4      | Noticed a slave
  3597 | D:4      | Noticed a slave
  3598 | D:4      | Noticed a slave
  3623 | D:4      | Killed a slave
  3637 | D:5      | Entered Level 5 of the Dungeon
  3647 | D:5      | Killed a slave
  3810 | D:5      | Reached skill level 5 in Shields
  3857 | D:5      | Acquired Qazlal's second power
  4119 | D:4      | Noticed a slave
  4122 | D:4      | Noticed Pikel
  4138 | D:5      | Killed a slave
  4171 | D:4      | HP: 1/55 [Pikel/whip of electrocution (14)]
  4171 | D:4      | Killed a slave
  4176 | D:5      | Mangled by Pikel

Action                   |  1- 3 |  4- 6 |  7- 9 || total
-------------------------+-------+-------+-------++-------
Melee: War axe           |   123 |   150 |   128 ||   401
 Abil: Dig               |     1 |     3 |       ||     4
  Use: Scroll            |       |     6 |       ||     6
       Potion            |       |       |     1 ||     1
  Eat: Chunk             |     2 |     7 |     2 ||    11
